 Dungeon Crawl Stone Soup version 0.27-a0-1119-gbf574a6a6b (webtiles) character file.

Game seed: 12583322292140284630

98 Zeld the Shield-Bearer (level 4, -2/33 HPs)
             Began as an Octopode Fighter on May 2, 2021.
             Slain by a phantom (4 damage)
             ... on level 4 of the Dungeon.
             The game lasted 00:01:47 (1019 turns).

Zeld the Shield-Bearer (Octopode Fighter)           Turns: 1019, Time: 00:01:48

Health: -2/33      AC:  1    Str: 16    XL:     4   Next: 69%
Magic:  4/4        EV: 11    Int: 10    God:
Gold:   11         SH:  9    Dex: 11    Spells: 3/3 levels left

rFire    . . .     SeeInvis .   a - +0 war axe
rCold    . . .     Faith    .   b - +0 kite shield
rNeg     . . .     Spirit   .   (helmet restricted)
rPois    .         Reflect  .   (no amulet)
rElec    .         Harm     .   (no ring)
rCorr    .         Rampage  .   (no ring)
Will     .....                  (no ring)
Stlth    ++........             (no ring)
HPRegen  0.11/turn              (no ring)
MPRegen  0.09/turn              (no ring)
                                (no ring)
                                (no ring)

@: no status effects
A: almost no armour, amphibious, 8 rings, camouflage 1, gelatinous body 1,
(nimble swimmer 1), tentacles
a: no special abilities


You were on level 4 of the Dungeon.
You visited 1 branch of the dungeon, and saw 4 of its levels.

You collected 36 gold pieces.
You spent 25 gold pieces at shops.

Inventory:

Hand Weapons
 a - a +0 war axe (weapon)
Armour
 b - a +0 kite shield (worn)
Scrolls
 e - a scroll of identify {unknown}


   Skills:
 * Level 3.9 Fighting
 * Level 3.1 Axes
 - Level 3.0 Dodging
 * Level 3.9 Shields


You had 3 spell levels left.
You didn't know any spells.
Your spell library was empty.

Dungeon Overview and Level Annotations

Branches:
Dungeon (4/15)
 Temple: D:4-7

Altars:

Shops:
D:3 **


Innate Abilities, Weirdness & Mutations

You cannot wear most types of armour.
You are amphibious.
You can wear up to eight rings at the same time.
Your skin changes colour to match your surroundings (Stealth+).
Your rubbery body absorbs attacks. (AC +1, EV +1)
((You are camouflaged near water. (Stealth+)))
You have tentacles for arms and can constrict up to eight enemies at once.


Message History

You kill the ball python!
The jelly completely misses you.
The kobold hits you with a +0 short sword.
You block the jelly's attack. You block the kobold's attack.
The jelly barely misses you. The phantom hits you!
The phantom blinks!
You blink.
A kobold comes into view. It is wielding a +0 dagger.
You can't go up here!
You feel very mighty all of a sudden.
The kobold shouts!
The phantom hits you.
The phantom blinks!
You blink.
You are too injured to fight recklessly!
You slash the phantom!
The phantom is moderately damaged.
The phantom hits you!
* * * LOW HITPOINT WARNING * * *
Unknown command.
It was a potion of haste.
You feel yourself speed up. You block the phantom's attack.
It was a potion of curing.
You feel better. The phantom hits you.
* * * LOW HITPOINT WARNING * * *
The phantom blinks!
You blink.
It was a potion of cancellation.
Your magical effects are unravelling.
You feel magically purged.
You feel yourself slow down.
You feel a little less mighty now.
You hit the phantom.
The phantom is heavily damaged.
You closely miss the kobold. The phantom hits you.
* * * LOW HITPOINT WARNING * * *
The phantom blinks!
You blink.
The kobold throws a stone.
The stone barely misses you. The phantom closely misses you.
Unknown command.
Press: ? - help, v - describe, . - travel
Here: a phantom (heavily damaged)
The floor.
You hit the phantom. Your squeeze misses the phantom.
The phantom is heavily damaged.
You block the phantom's attack. The phantom hits you.
You die...

#.....# ######.....#.
#### ####...$........
#... ##....<.....!....
#...##......†##.).....
#............##.......
...........##.......
#....J....##.......
#.@..K.....##......
#W..........#......
##...K.............
#.#........####....
...........# .
...............
..........#..##
..........#..#
#........## ...


You could see a phantom, a jelly and 2 kobolds.

Vanquished Creatures
  A necrophage (D:3)
  An endoplasm (D:1)
  A giant cockroach (D:1)
  2 hobgoblins
  2 jackals (D:1)
  2 kobolds
  2 quokkas
  A ball python (D:4)
  A goblin (D:1)
13 creatures vanquished.

Notes
Turn   | Place    | Note
-------+----------+-------------------------------------------
     0 | D:1      | Zeld the Octopode Fighter began the quest for the Orb.
     0 | D:1      | Reached XP level 1. HP: 16/16 MP: 1/1
   234 | D:1      | Reached XP level 2. HP: 9/21 MP: 2/2
   650 | D:3      | Found a faded altar of an unknown god.
   650 | D:3      | Found Poaqe's Assorted Antiques.
   673 | D:3      | Bought a coppery potion for 25 gold pieces
   728 | D:3      | Found Piapuot's General Store.
   735 | D:3      | Noticed a necrophage
   740 | D:3      | Killed a necrophage
   741 | D:3      | Reached XP level 3. HP: 13/27 MP: 3/3
   741 | D:3      | Reached XP level 4. HP: 16/33 MP: 4/4
  1003 | D:4      | Noticed a phantom
  1014 | D:4      | HP: 1/33 [phantom (9)]
  1019 | D:4      | Slain by a phantom

Illustrated notes

Levels and vault maps discovered:
D:1:      lightli_arrival_quake, layout_basic
D:2:      layout_rooms, hangedman_decor_points
D:3:      layout_rooms, lemuel_zombie_altar_kikubaaqudgha,
          basic_ecumenical_altar, serial_shops, shop_fountains, shop,
          nicolae_shop_waterfront, shop_fountains, nicolae_shop_stone
D:4:      minmay_polygon_palace, layout_cave_pools, lemuel_blue_sif_altar,
          minmay_temple_entry_hall, minmay_shop_enchanted_jewellery,
          amcnicky_mini_corridor_feature, uniq_eustachio

Skill      XL: |  1  2 |
---------------+-------+-----
Axes           | 3 |  3.1
Fighting       | |  3.9
Dodging        | |  3.0
Shields        | |  3.9

Action                   |  1- 3 |  4- 6 || total
-------------------------+-------+-------++-------
Melee: War axe           |    23 |     9 ||    32
       Constrict         |     6 |     1 ||     7
       Tentacles         |     6 |     1 ||     7
  Use: Potion            |       |     4 ||     4
 Stab: Sleeping          |     1 |     1 ||     2
Armor: Skin              |     1 |       ||     1
Dodge: Dodged            |    16 |     7 ||    23
Block: Kite shield       |    18 |     7 ||    25

Table legend: (Time is in decaauts)
 A = Elapsed time spent in this place.
 B = Non-inter-level travel time spent in this place.
 C = Inter-level travel time spent in this place.
 D = Time resting spent in this place.
 E = Time spent auto-exploring this place.
 F = Levels seen in this place.
 G = Mean time per level.
                   A        B        C        D        E       F      G
               +--------+--------+--------+--------+--------+-----+--------+
         Total |   1038 |    972 |     66 |    248 |    588 |   4 |  259.5 |
       Dungeon |   1038 |    972 |     66 |    248 |    588 |   4 |  259.5 |
               +--------+--------+--------+--------+--------+-----+--------+

Top non-repeatable levels by time:
     D:1: 641 daAuts
     D:3: 331 daAuts
     D:2: 38 daAuts
     D:4: 26 daAuts
